AoeStats
← SoC

African Clearing

510517419Analyzed
3v3 RM · 1d ago on Oct 1, 2026· 27m 30s· 6 players
Game mode
Random Map
Map size
Normal (6 player)
Population
200
Speed
Normal
Resources
Standard
Victory
Conquest
Starting age
Dark Age
Ending age
Imperial Age
RankedLock teamsTeams togetherTeam positionsShared explorationLock speedFull tech treeHidden civsTurbo modeCheats
Victory
Defeat
🇫🇷 Vikings · France
930
+8
🇹🇷 Persians · Türkiye
911
+9
🇨🇳 Japanese · China
841
+11
🇮🇩 Teutons · Indonesia
778
-10
🇮🇳 Turks · India
733
-9
🇨🇳 Vikings · China
723
-9
Morias1stt
13:05 Loom
15:18 Feudal Age
18:19 Double-Bit Axe
21:11 Castle Age
19:43 Stone Mining
19:47 Gold Mining
21:03 Scale Barding Armor
maRtin993♪
10:23 Loom
15:35 Feudal Age
21:53 Castle Age
19:18 Man-at-Arms
22:43 Stone Mining
22:44 Gold Mining
23:00 Horse Collar
chazychaz
9:19 Loom
16:28 Feudal Age
17:01 Man-at-Arms
17:46 Gold Mining
18:15 Scale Mail Armor
20:51 Forging
20:47 Arson
23:58 Fletching
Nahida
14:22 Loom
18:00 Feudal Age
19:00 Double-Bit Axe
19:04 Horse Collar
24:59 Castle Age
26:44 Bow Saw
26:35 Heavy Plow
Incognito3597
8:41 Loom
15:31 Feudal Age
16:49 Wheelbarrow
19:33 Man-at-Arms
SoC
7:39 Loom
13:40 Feudal Age
14:14 Double-Bit Axe
14:18 Town Watch
17:24 Gold Mining
17:28 Stone Mining
21:55 Castle Age
21:54 Man-at-Arms
22:49 Forging
22:39 Scale Mail Armor
22:24 Horse Collar
22:55 Bow Saw
26:05 Heavy Plow
Connection lost

Rejoining the realm…

Still unreachable

The connection could not be restored.

Session expired

The server has moved on; the page needs a fresh start.